 Dungeon Crawl Stone Soup version 0.30-a0-782-ge64f9170bb (webtiles) character file.

Game seed: 3074430612049503951

677 mopl the Vexing (level 7, 0/54 HPs)
             Began as a Deep Elf Enchanter on Mar 13, 2023.
             Slain by an orc wizard
             ... wielding a +2 dagger of protection
              (5 damage)
             ... on level 4 of the Dungeon.
             The game lasted 00:08:12 (3740 turns).

mopl the Vexing (Deep Elf Enchanter)                Turns: 3740, Time: 00:08:12

Health: 0/54       AC:  4    Str:  5    XL:     7   Next: 33%
Magic:  13/18      EV: 13    Int: 22    God:
Gold:   45         SH:  0    Dex: 20    Spells: 7/18 levels left

rFire   . . .      SeeInvis +    a - +5 dagger "Fynoviw" {heavy, *Corrode rPois Dex+5 SInv}
rCold   . . .      Faith    .    (no shield)
rNeg    + . .      Spirit   .    q - +0 robe
rPois   +          Reflect  .    f - +0 helmet
rElec   .          Harm     .    (no cloak)
rCorr   .          Rampage  .    l - +0 pair of gloves
Will    .....                    (no boots) Stlth
                                 (no amulet)
HPRegen 0.29/turn                y - ring of positive energy
MPRegen 0.16/turn                (no ring)

@: mighty, berserking, very quick
A: no striking features
a: no special abilities


You were on level 4 of the Dungeon.
You visited 1 branch of the dungeon, and saw 4 of its levels.
You also visited: Sewer.

You collected 226 gold pieces.
You spent 181 gold pieces at shops.

Inventory:

Hand Weapons
 a - the +5 dagger "Fynoviw" (weapon) {heavy, *Corrode rPois Dex+5 SInv}
   (You found it on level 2 of the Dungeon)

   Dex:       It affects your dexterity (+5).
   rPois:     It protects you from poison.
   SInv:      It lets you see invisible.
   *Corrode:  It may corrode you when you take damage.
 b - a +1 dagger
Missiles
 p - 40 poisoned darts
Armour
 f - a +0 helmet (worn)
 l - a +0 pair of gloves (worn)
 q - a +0 robe (worn)
Jewellery
 y - a ring of positive energy (left hand)
Scrolls
 d - 2 scrolls of fear {unknown}
 h - a scroll of acquirement {unknown}
 k - 4 scrolls of fog {unknown}
 m - 5 scrolls of teleportation {unknown}
 s - a scroll of poison {unknown}
 u - a scroll of vulnerability {unknown}
 x - 3 scrolls of blinking {unknown}
 A - a scroll of noise {unknown}
 B - a scroll of summoning {unknown}
 C - a scroll of torment {unknown}
Potions
 c - 2 potions of invisibility
 g - 2 potions of heal wounds
 j - 2 potions of cancellation
 n - a potion of resistance
 o - 3 potions of brilliance
 r - 3 potions of curing
 v - 4 potions of might
 w - 2 potions of haste
 z - a potion of mutation {!q}


   Skills:
 + Level 4.0 Short Blades
 - Level 2.4 Dodging
 + Level 6.3 Stealth
 + Level 6.0 Spellcasting
 + Level 6.6 Hexes


You had 7 spell levels left.
You knew the following spells:

 Your Spells              Type           Power      Damage    Failure   Level
a - Dazzling Flash        Conj/Hex       42%        N/A       7%          3
b - Ensorcelled Hibernat  Hex/Ice        42%        N/A       3%          2
c - Confusing Touch       Hex            35%        N/A       1%          3
d - Tukima's Dance        Hex            35%        N/A       1%          3

Your spell library contained the following spells:

 Spells                   Type           Power      Damage    Failure   Level
 Olgreb's Toxic Radiance  Pois           6%         N/A       65%         4
 Ozocubu's Refrigeration  Ice            3%         4d8       100%        7
 Ignition                 Fire           3%         3d4       100%        8


Dungeon Overview and Level Annotations

Branches:
Dungeon (4/15)              Sewer (visited)
 Temple: D:4-7

Altars:
Nemelex Xobeh

Shops:
D:2 *   D:4 *


Message History

The ice beast freezes you!
The orc wizard hits you with a +2 dagger of protection.
The bullfrog misses you.
You barely miss the ice beast. The hound bites you.
The bullfrog closely misses you. The ice beast hits you.
The ice beast freezes you!
* * * LOW HITPOINT WARNING * * *
The orc wizard hits you but does no damage.
The hound bites you but does no damage.
Your magical contamination has completely faded away.
You barely miss the ice beast. The bullfrog barely misses you.
The hound misses you. The orc wizard barely misses you.
The ice beast hits you but does no damage.
You puncture the ice beast!
The ice beast is moderately wounded.
The bullfrog hits you but does no damage.
The hound closely misses you. The bullfrog barely misses you.
The orc wizard hits you with a +2 dagger of protection.
* * * LOW HITPOINT WARNING * * *
The ice beast misses you.
You puncture the ice beast!
The ice beast is almost dead.
The hound pauses to sniff the ground.
The hound barely misses you. The bullfrog hits you.
* * * LOW HITPOINT WARNING * * *
You puncture the ice beast!
You kill the ice beast!
The hound bites you.
* * * LOW HITPOINT WARNING * * *
The bullfrog hits you.
* * * LOW HITPOINT WARNING * * *
The orc wizard points at you and mumbles some strange words.
You easily resist.
Your Short Blades skill increases to level 4!
Your Spellcasting skill increases to level 6!
You puncture the bullfrog!
The bullfrog is severely wounded.
The hound closely misses you. The bullfrog closely misses you.
The orc wizard hits you with a +2 dagger of protection.
You die...

######## ##.8.?8.##
##.....?†.## ####
##†.######h.# ...##
#..##..≈o@#).#
....#
##.##....oF##.#
....# #..#..#.⌠#gS
..#
....#.#..#..#?>#..#
.#
....#.##.##≈:...≈##
##
....#..#..##....##
...###.##..######.
.### #..##........
.# #..#.†8..8.#


You could see a bullfrog, a hound, an orc wizard (invisible), an orc, a goblin
and a ball python.

Vanquished Creatures
  An ice beast (D:4)
  2 kobold brigands (Sewer)
  A scorpion (D:4)
  A howler monkey (D:4)
  An orc priest (D:4)
  Jessica (D:3)
  Natasha (twice) (D:4)
  11 adders
  A river rat (Sewer)
  An ufetubus (D:4)
  A worm (D:2)
  3 dart slugs
  9 orcs
  12 ball pythons
  3 bats
  2 endoplasms
  3 giant cockroaches
  8 hobgoblins
  24 kobolds
  10 quokkas
  4 frilled lizards
  11 goblins
  31 rats
143 creatures vanquished.

Notes
Turn   | Place    | Note
-------+----------+-------------------------------------------
     0 | D:1      | mopl the Deep Elf Enchanter began the quest for the Orb.
     0 | D:1      | Reached XP level 1. HP: 10/10 MP: 6/6
   248 | D:1      | Reached XP level 2. HP: 13/15 MP: 8/8
   251 | D:1      | Learned a level 2 spell: Ensorcelled Hibernation
   595 | D:1      | Reached skill level 4 in Stealth
   847 | D:2      | Reached XP level 3. HP: 13/19 MP: 2/10
   851 | D:2      | Learned a level 3 spell: Confusing Touch
   855 | D:2      | Learned a level 3 spell: Tukima's Dance
   922 | D:2      | Found Qegrewou's Assorted Antiques.
   930 | D:2      | Bought a fuming golden potion for 20 gold pieces
  1055 | D:2      | Identified the +5 dagger "Fynoviw" {heavy, *Corrode rPois
                  | Dex+5 SInv}
  1573 | D:3      | Reached skill level 2 in Short Blades
  1602 | D:3      | Found a sparkling altar of Nemelex Xobeh.
  1693 | D:3      | Reached XP level 4. HP: 23/24 MP: 6/11
  1882 | D:3      | Noticed Jessica
  1889 | D:3      | Killed Jessica
  1890 | D:3      | Reached skill level 4 in Spellcasting
  1890 | D:3      | Reached skill level 5 in Hexes
  1914 | D:3      | Learned a level 3 spell: Dazzling Flash
  2249 | D:2      | Bought a purple potion for 20 gold pieces
  2249 | D:2      | Bought a purple potion for 20 gold pieces
  2249 | D:2      | Bought a scroll labelled VIWNAN ICIERITS for 23 gold pieces
  2249 | D:2      | Bought a scroll labelled MEJ HAT PEPN for 23 gold pieces
  2249 | D:2      | Bought a scroll labelled FULUAGHOKK for 23 gold pieces
  2421 | D:4      | Reached XP level 5. HP: 25/28 MP: 4/13
  2434 | D:4      | Reached skill level 5 in Stealth
  2489 | D:4      | Found Zugicvas's General Store.
  2498 | D:4      | Bought a scroll of identify for 26 gold pieces
  2498 | D:4      | Bought a scroll of identify for 26 gold pieces
  2602 | D:4      | Found a glowing drain.
  2632 | Sewer    | Entered a sewer
  2714 | Sewer    | Reached skill level 3 in Short Blades
  2724 | Sewer    | Reached XP level 6. HP: 9/32 MP: 7/15
  2852 | Sewer    | Reached skill level 5 in Spellcasting
  3255 | Sewer    | Reached skill level 6 in Hexes
  3504 | D:4      | Noticed Natasha
  3514 | D:4      | Killed Natasha
  3515 | D:4      | Reached skill level 6 in Stealth
  3524 | D:4      | Reached XP level 7. HP: 16/36 MP: 13/17
  3631 | D:4      | Noticed Natasha
  3641 | D:4      | Killed Natasha
  3740 | D:4      | Reached skill level 4 in Short Blades
  3740 | D:4      | Reached skill level 6 in Spellcasting
  3740 | D:4      | Slain by an orc wizard

Illustrated notes

Levels and vault maps discovered:
D:1:      minmay_arrival_doors, layout_basic, minmay_misc_feat_five
D:2:      layout_basic, serial_shops, shop
D:3:      minmay_general_purpose_star, layout_loops_ring, amcnicky_altar_gilded,
          uniq_jessica
D:4:      layout_rooms, portal_sewer_entry_f, serial_shops, shop,
          chequers_serial_rivers_large_a, minmay_crystal_room,
          ebering_dispersal_statue_hall, nicolae_shop_dragon_depot,
          nzn_random_ring, uniq_crazy_yiuf_cottage, uniq_natasha, uniq_pikel,
          uniq_sigmund

Skill      XL: |  1  2  3  4  5  6  7 |
---------------+----------------------+-----
Stealth        | 4 5 6 |  6.3
Short Blades   | 2 3 4 |  4.0
Spellcasting   | 4 5 6 |  6.0
Hexes          | 5 6 |  6.6
Dodging        | |  2.4

Action                     |  1- 3 |  4- 6 |  7- 9 || total
---------------------------+-------+-------+-------++-------
  Melee: Dagger            |    92 |   178 |    25 ||   295
         Punch             |       |     1 |     1 ||     2
   Cast: Ensorcelled Hiber |    10 |    33 |     4 ||    47
         Confusing Touch   |       |     1 |       ||     1
    Use: Scroll            |       |       |     7 ||     7
         Potion            |       |       |     5 ||     5
   Stab: Sleeping          |    18 |    29 |     3 ||    50
 Armour: Robe              |    18 |    50 |    14 ||    82
  Dodge: Dodged            |    52 |   173 |    41 ||   266

Table legend: (Time is in decaauts)
 A = Elapsed time spent in this place.
 B = Non-inter-level travel time spent in this place.
 C = Inter-level travel time spent in this place.
 D = Time resting spent in this place.
 E = Time spent auto-exploring this place.
 F = Levels seen in this place.
 G = Mean time per level.
                   A        B        C        D        E       F      G
               +--------+--------+--------+--------+--------+-----+--------+
         Total |   3812 |   3538 |    274 |    437 |   1959 |   5 |  762.4 |
       Dungeon |   2935 |   2661 |    274 |    193 |   1623 |   4 |  733.8 |
         Sewer |    877 |    877 |      0 |    244 |    336 |   1 |  877.0 |
               +--------+--------+--------+--------+--------+-----+--------+

Top non-repeatable levels by time:
   Sewer: 877 daAuts
     D:1: 834 daAuts
     D:2: 794 daAuts
     D:3: 776 daAuts
     D:4: 530 daAuts
